 Dungeon Crawl Stone Soup version 0.18-a0-1626-g65af6d3 (webtiles) character file.

928 Aksel the Stinger (level 8, 0/49 HPs)
             Began as an Octopode Venom Mage on Mar 24, 2016.
             Was a Follower of Qazlal.
             Slain by a hell rat (11 damage)
             ... on level 5 of the Dungeon.
             The game lasted 00:50:44 (5081 turns).

Aksel the Stinger (Octopode Venom Mage)             Turns: 5081, Time: 00:50:45

Health: 0/49       AC:  1    Str:  7    XL:     8   Next: 11%
Magic:  11/11      EV: 12    Int: 19    God:    Qazlal [*.....]
Gold:   302        SH:  2    Dex: 13    Spells: 3 memorised, 5 levels left

rFire  . . .     SeeInvis .     o - +3 quarterstaff (chaos)
rCold  + . .     Gourm    .     (shield currently unavailable)
rNeg   . . .     Faith    .     (helmet restricted)
rPois  .         Spirit   .     (no amulet)
rElec  .         Dismiss  .     h - ring of protection from cold
rCorr  .         Reflect  .     (no ring)
SustAt .         Harm     .     (no ring)
MR     .....                    (no ring)
Stlth  ++++......               (no ring)
                                (no ring)
                                (no ring)
                                (no ring)

@: not resistant to hostile enchantments, stealthy
A: almost no armour, amphibious, 8 rings, constrict 8, camouflage 1, gelatinous
body 1
a: Renounce Religion


You were on level 5 of the Dungeon.
You worshipped Qazlal.
Qazlal was aware of your devotion.
You were hungry.

You visited 2 branches of the dungeon, and saw 7 of its levels.

You collected 302 gold pieces.

Inventory:

Hand Weapons
 j - a -1 hand axe
 n - a +0 falchion
 o - a +3 quarterstaff of chaos (weapon)
 u - a +0 blowgun
 z - a +0 hunting sling
Missiles
 v - 4 poisoned needles
 L - 2 sling bullets of frost
Jewellery
 h - a ring of protection from cold (left tentacle)
Wands
 x - a wand of paralysis (18/24)
 F - a wand of heal wounds (0/9)
Scrolls
 c - 2 scrolls of fear
 d - 2 scrolls of immolation
 i - 2 scrolls of random uselessness {unknown}
 l - a scroll of fog {unknown}
 q - 3 scrolls of teleportation {unknown}
 r - a scroll of remove curse
 t - 2 scrolls of enchant weapon {unknown}
 y - 6 scrolls of identify {unknown}
 G - a scroll of noise {unknown}
 J - 2 scrolls of amnesia {unknown}
Potions
 e - 4 potions of curing {unknown}
 f - a potion of haste
 k - 3 potions of brilliance {unknown}
 m - a potion of lignification {unknown}
 p - a potion of flight {unknown}
 w - a potion of degeneration {unknown}
 B - 2 potions of heal wounds
 D - 2 potions of agility {unknown}
 E - a potion of cure mutation {unknown}
 H - 4 potions of might {unknown}
 I - a potion of beneficial mutation {unknown}
Books
 a - a Young Poisoner's Handbook

   Spells                             Type                      Level
   a - Sting                          Conjuration/Poison           1
   b - Cure Poison                    Poison                       2
   c - Mephitic Cloud                 Conjuration/Poison/Air       3
   d - Olgreb's Toxic Radiance        Poison                       4
   e - Venom Bolt                     Conjuration/Poison           5
Comestibles
 b - 4 bread rations
 g - 2 beef jerkies
 s - a fruit
 A - 3 chunks of flesh
 C - 3 meat rations
 K - a slice of pizza


   Skills:
 + Level 1.7 Fighting
 - Level 0.6 Axes
 + Level 3.8 Staves
 - Level 1.1(1.7) Slings
 - Level 2.1(2.2) Throwing
 - Level 2.0 Dodging
 + Level 5.4 Stealth
 - Level 0.8 Unarmed Combat
 - Level 2.0 Spellcasting
 + Level 3.6 Conjurations
 + Level 7.5 Poison Magic


You had 5 spell levels left.
You knew the following spells:

 Your Spells              Type           Power        Failure   Level  Hunger
a - Sting                 Conj/Pois      ###.         1%          1    #......
b - Mephitic Cloud        Conj/Pois/Air  ###.....     12%         3    ###....
c - Cure Poison           Pois           ####......   1%          2    ###....


Dungeon Overview and Level Annotations

Branches:
Dungeon (6/15)             Temple (1/1) D:4

Altars:
Ashenzari
Cheibriados
Elyvilon
Gozag
Kikubaaqudgha
Makhleb
Pakellas
Qazlal
Sif Muna
Trog
Vehumet
Yredelemnul
Zin

Shops:
D:4 =


Innate Abilities, Weirdness & Mutations

You cannot wear most types of armour.
You are amphibious.
You can wear up to eight rings at the same time.
You can use your tentacles to constrict eight enemies at once.
Your skin changes colour to match your surroundings (Stealth).
Your rubbery body absorbs attacks (AC +1).


Message History

The river rat bites you but does no damage.
A rat comes into view.
You hit the river rat. You burn the river rat.
The river rat is almost dead.
You constrict the river rat. The river rat bites you.
The river rat closely misses you.
You barely miss the river rat.
The river rat is almost dead.
You constrict the river rat, but do no damage.
The river rat barely misses you.
A rat comes into view.
You sock the river rat!
You kill the river rat!
Qazlal accepts your kill. The hell rat bites you!
* * * LOW HITPOINT WARNING * * *
You are too injured to fight recklessly!
You hit the hell rat but do no damage. You grab the hell rat.
You constrict the hell rat. The hell rat bites you!
You die...

######
.....#
.......##
. .r....#
# #.
rr..r.#
#.####
.##rr.....
..#.##.#r#
#.#..##@#
#...#†##
#....##
#.#.#.# #.
#.#.# #.
##.##. #
#.## #.
#.## ##
##.#


You could see a hell rat, a river rat and 3 rats.

Vanquished Creatures
  An ice beast (D:5)
  An ogre (D:5)
  A scorpion (D:5)
  2 crimson imps (D:5)
  2 hounds (D:4)
  4 orc priests
  3 orc wizards (D:4)
  Crazy Yiuf (D:2)
  2 worker ants
  A hound zombie (D:5)
  A worker ant zombie (D:5)
  7 adders
  4 river rats (D:5)
  A shadow imp (D:5)
  3 adder skeletons
  5 worms
  6 giant geckos
  24 orcs
  8 giant cockroaches
  9 goblins
  5 hobgoblins
  12 jackals
  6 kobolds
  2 quokkas
  9 bats
  2 giant gecko skeletons
  3 giant newts
  12 rats
137 creatures vanquished.

Vanquished Creatures (others)
  An orc wizard (D:4)
1 creature vanquished.

Grand Total: 138 creatures vanquished

Notes
Turn   | Place    | Note
--------------------------------------------------------------
     0 | D:1      | Aksel the Octopode Venom Mage began the quest for the Orb.
     0 | D:1      | Reached XP level 1. HP: 11/11 MP: 3/3
    37 | D:1      | Reached skill level 5 in Poison Magic
    89 | D:1      | You fall through a shaft!
   100 | D:1      | Reached XP level 2. HP: 3/18 MP: 1/5
   458 | D:1      | Reached XP level 3. HP: 18/22 MP: 4/6
   890 | D:2      | Reached skill level 1 in Conjurations
   898 | D:2      | Learned a level 3 spell: Mephitic Cloud
   901 | D:2      | Learned a level 2 spell: Cure Poison
   921 | D:2      | Reached skill level 6 in Poison Magic
   922 | D:2      | Reached XP level 4. HP: 17/27 MP: 3/7
  1524 | D:2      | Noticed Crazy Yiuf
  1534 | D:2      | Killed Crazy Yiuf
  1534 | D:2      | Reached skill level 1 in Fighting
  1858 | D:2      | Reached XP level 5. HP: 23/33 MP: 5/8
  2300 | D:3      | Found a faded altar to an unknown god.
  2501 | D:3      | HP: 1/33 [orc/flail (9)]
  3020 | D:3      | Found a glowing silver altar of Zin.
  3026 | D:3      | Found an oddly glowing altar of Pakellas.
  3108 | D:4      | Reached skill level 1 in Staves
  3108 | D:4      | Reached XP level 6. HP: 26/38 MP: 1/9
  3211 | D:4      | Found Vorossat's Jewellery Boutique.
  3321 | D:4      | Reached skill level 1 in Throwing
  3387 | D:4      | Found a staircase to the Ecumenical Temple.
  3396 | Temple   | Entered the Ecumenical Temple
  3596 | Temple   | Became a worshipper of Qazlal Stormbringer
  4190 | D:5      | Entered Level 5 of the Dungeon
  4190 | D:5      | Noticed an ice beast
  4192 | D:5      | Reached XP level 7. HP: 43/43 MP: 10/10
  4212 | D:5      | Reached skill level 7 in Poison Magic
  4264 | D:5      | Reached skill level 5 in Stealth
  4294 | D:5      | Found a bloodstained altar of Trog.
  4366 | D:5      | Reached skill level 1 in Slings
  4717 | D:5      | Reached * piety under Qazlal
  4742 | D:5      | You fall through a shaft!
  4989 | D:5      | Reached XP level 8. HP: 31/48 MP: 6/11
  5081 | D:5      | Slain by a hell rat

Vault maps used:
D:1:      sevenhm_arrival_forest_fort_large_4
D:2:      serial_undead, serial_undead_b, serial_undead_b, serial_undead_f,
          serial_undead_e, kennysheep_big_empty_room, serial_bayou_pond_d,
          uniq_crazy_yiuf_cottage
D:3:      minitemple, ecumenical_altar_2, kennysheep_potato
D:4:      minmay_temple_entry_purple_smoke, first_bread, serial_shops, shop,
          minivault_1
D:5:      lemuel_ratsnest, basic_altar, water_boxes_lemuel
Temple:   hc_temple_tempest_star

Skill      XL: |  1  2  3  4  5  6  7 |
---------------+----------------------+-----
Poison Magic   | 5 6 7 |  7.5
Stealth        | 3 4 5 |  5.4
Conjurations   | 1 2 3 |  3.6
Fighting       | 1 |  1.7
Staves         | 1 2 3 |  3.8
Throwing       | 1 2 |  2.1
Slings         | 1 |  1.1
Axes           | |  0.6
Dodging        | |  2.0
Unarmed Combat | |  0.8
Spellcasting   | |  2.0

Action                   |  1- 3 |  4- 6 |  7- 9 || total
-------------------------+-------+-------+-------++-------
Melee: Unarmed           |    20 |       |       ||    20
       Hand axe          |    19 |     5 |       ||    24
       Falchion          |       |     5 |       ||     5
       Quarterstaff      |       |    73 |    52 ||   125
 Fire: Blowgun           |       |    39 |    19 ||    58
       Hunting sling     |       |     4 |    10 ||    14
 Cast: Sting             |    35 |    71 |    13 ||   119
       Cure Poison       |       |     2 |       ||     2
       Mephitic Cloud    |       |     1 |     3 ||     4
Evoke: Wand              |       |     1 |       ||     1
  Use: Scroll            |     2 |     2 |       ||     4
       Potion            |     1 |     1 |       ||     2
 Stab: Sleeping          |     2 |     6 |     1 ||     9
       Petrifying        |       |       |     2 ||     2
  Eat: Chunk             |     1 |    10 |     4 ||    15
